 Dungeon Crawl Stone Soup version 0.21-a0-29-g43b3074 (webtiles) character file.

19247 grindst0ne the Grappler (level 12, -2/104 HPs)
             Began as a Troll Monk on May 26, 2017.
             Was the Champion of Cheibriados.
             Shot with an arrow by Nessos (22 damage)
             ... on level 4 of the Lair of Beasts.
             The game lasted 00:35:17 (11370 turns).

grindst0ne the Grappler (Troll Monk)               Turns: 11370, Time: 00:35:18

Health: -2/104     AC:  9    Str: 40    XL:     12   Next: 34%
Magic:  27/27      EV: 21    Int: 26    God:    Cheibriados [******]
Gold:   618        SH:  0    Dex: 31    Spells: 11/11 levels left

rFire    . . .     SeeInvis .     - Unarmed
rCold    + . .     Gourm    +   (no shield)
rNeg     . . .     Faith    .   a - +0 robe
rPois    .         Spirit   .   V - +3 hat of Pondering {ponderous, MR+ MP+10 Int+5}
rElec    .         Reflect  .   o - +0 cloak
rCorr    .         Harm     .   (gloves unavailable)
MR       +....                  (boots unavailable)
Stlth    +++.......             (no amulet)
Regen    0.7/turn               e - +3 ring of strength
MPRegen  0.2/turn               y - ring of protection from cold

@: about to teleport, very slow
A: unfitting armour, claws 3, fast metabolism 3, gourmand, regeneration 1,
shaggy fur 1, tough skin 2
a: Bend Time, Temporal Distortion, Slouch, Step From Time, Renounce Religion


You were on level 4 of the Lair of Beasts.
You worshipped Cheibriados.
Cheibriados was exalted by your worship.
You were completely stuffed.

You visited 2 branches of the dungeon, and saw 12 of its levels.
You also visited: Sewer.

You collected 701 gold pieces.
You spent 83 gold pieces at shops.

Inventory:

Hand Weapons
 v - a cursed +1 blowgun
Missiles
 B - 5 tomahawks
 M - 10 javelins
 T - a large rock (quivered)
Armour
 a - a +0 robe (worn)
 o - a +0 cloak (worn)
 F - a +0 buckler
 V - the +3 hat of Pondering (worn) {ponderous, MR+ MP+10 Int+5}
   (You took it off Gastronok on level 3 of the Lair of Beasts)

   It affects your intelligence (+5).
   It affects your resistance to hostile enchantments.
   It affects your magic capacity (+10).
Jewellery
 e - a +3 ring of strength (left claw)
 q - a +4 ring of dexterity
 y - a ring of protection from cold (right claw)
 C - an uncursed ring of stealth
 G - an uncursed amulet of harm
 S - an uncursed ring of protection from cold
Wands
 H - a wand of paralysis (12/24)
 I - a wand of digging (10/24)
 O - a wand of flame (23/48)
 P - a wand of flame (18/48)
Scrolls
 c - 7 scrolls of teleportation
 g - a scroll of magic mapping
 l - 4 scrolls of remove curse
 s - a scroll of fog
 x - a scroll of recharging
 N - a scroll of identify
 W - a scroll of holy word {unknown}
Potions
 d - a potion of ambrosia
 f - 5 potions of flight
 i - 2 potions of brilliance
 k - 3 potions of berserk rage
 m - 4 potions of agility
 r - 3 potions of magic
 t - 4 potions of haste {unknown}
 u - 2 potions of might {unknown}
 w - 4 potions of curing
 A - a potion of mutation {unknown}
 J - 2 potions of degeneration {unknown}
 L - a potion of resistance {unknown}
Books
 D - a book of Callings

   Spells                             Type                      Level
   a - Summon Small Mammal            Summoning                    1
   b - Call Imp                       Summoning                    2
   c - Call Canine Familiar           Summoning                    3
   d - Summon Guardian Golem          Hexes/Summoning              3
   e - Summon Lightning Spire         Summoning/Air                4
   f - Summon Ice Beast               Ice/Summoning                4
 R - a book of Frost

   Spells                             Type                      Level
   a - Freeze                         Ice                          1
   b - Throw Frost                    Conjuration/Ice              2
   c - Ozocubu's Armour               Charms/Ice                   3
   d - Throw Icicle                   Conjuration/Ice              4
   e - Summon Ice Beast               Ice/Summoning                4
 U - a book of Clouds

   Spells                             Type                      Level
   a - Poisonous Vapours              Poison/Air                   2
   b - Mephitic Cloud                 Conjuration/Poison/Air       3
   c - Conjure Flame                  Conjuration/Fire             3
   d - Freezing Cloud                 Conjuration/Ice/Air          6
   e - Ring of Flames                 Charms/Fire                  7
Comestibles
 b - 13 bread rations
 h - 8 chunks of flesh
 n - 6 royal jellies
 p - 6 meat rations
 z - 35 fruits


   Skills:
 - Level 2.4 Fighting
 - Level 4.3 Throwing
 - Level 10.0 Dodging
 - Level 1.0 Stealth
 - Level 10.6 Unarmed Combat
 - Level 7.0 Invocations
 * Level 8.0 Evocations


You had 11 spell levels left.
You didn't know any spells.

Dungeon Overview and Level Annotations

Branches:
Dungeon (8/15)             Temple (0/1) D:7            Lair (4/6) D:8
  Swamp (0/4) Lair:4        Snake (0/4) Lair:2

Altars:
Ashenzari
Cheibriados
Elyvilon
Makhleb
Trog

Shops:
D:5 ?   D:6 (   D:8 %

Annotations:
Lair:4 Nessos, Snorg


Innate Abilities, Weirdness & Mutations

You are too large for most types of armour.
You have claws for hands.
Your metabolism is lightning-fast.
You like to eat raw meat.
Your natural rate of healing is unusually fast.
You are covered in fur. (AC +1)
You have very tough skin. (AC +2)


Message History

Nessos shoots an arrow.
The arrow closely misses you.
Nessos blinks!
You see here an arrow.
You feel better.
Nessos shoots an arrow.
The arrow hits you!!
* * * LOW HITPOINT WARNING * * *
The arrow burns you.
You are poisoned.
* * * LOW HITPOINT WARNING * * *
You are confused.
You feel invigorated.
You feel sick.
Nessos pounds the earth with his hooves.
Nessos casts a spell.
Nessos seems to speed up.
You feel better.
You feel less invigorated.
Nessos unwields an uncursed longbow of flaming.
It stops flaming.
Nessos completely misses you.
Nessos blinks!
As you read the scroll of teleportation, it crumbles to dust.
You feel strangely unstable.
Nessos wields an uncursed longbow of flaming.
It bursts into flame!
Nessos shoots an arrow.
The arrow hits you!!
You die...

##PP ...# .. ... ....
##. ...##..##(.##...
...#........#...
.............c.....
.......>(........
#........# ....
...#/...@...###..
#....!(§.....#.#### # .
...........÷..#..P.#.#..
.?.#........#...P..#...
...##..##..##.......#
...(...(.........##
.........##.#.#.P.#
.........######.#.###.
....##...#.##P#.#.....


You could see Nessos.

Vanquished Creatures
  Gastronok (Lair:3)
  A hydra (Lair:4)
  Fannar (Lair:2)
  3 elephants (Lair:4)
  A black mamba (Lair:3)
  4 komodo dragons
  4 spiny frogs
  3 rime drakes
  3 blink frogs (Lair:3)
  A dream sheep (Lair:4)
  7 hippogriffs
  A wyvern (Lair:4)
  2 basilisks (D:8)
  24 yaks
  7 vampire mosquitoes (Lair:4)
  3 nagas (Lair:2)
  6 water moccasins
  10 porcupines
  A black bear (D:7)
  2 sky beasts
  2 ogres
  3 centaurs
  8 crocodiles
  A big kobold (D:8)
  13 bullfrogs
  A scorpion (D:8)
  5 crimson imps
  4 hounds
  2 orc priests
  5 orc wizards
  An iguana (D:6)
  A bullfrog skeleton (D:6)
  3 worker ants
  A hound zombie (D:6)
  3 hound skeletons
  Robin (D:4)
  11 adders
  18 gnolls
  2 shadow imps
  2 oozes
  2 adder zombies
  2 adder skeletons
  5 worms
  2 dart slugs
  3 leopard geckos
  19 orcs
  4 ball pythons
  3 giant cockroaches
  16 goblins
  15 hobgoblins
  19 jackals
  5 quokkas
  4 bats
  8 frilled lizards
  A jackal zombie (D:7)
  16 kobolds
  A leopard gecko skeleton (D:6)
  10 rats
  16 plants
323 creatures vanquished.

Vanquished Creatures (others)
  A fungus (Lair:4)
  A plant (Lair:2)
2 creatures vanquished.

Grand Total: 325 creatures vanquished

Notes
Turn   | Place    | Note
-------+----------+-------------------------------------------
     0 | D:1      | grindst0ne the Troll Monk began the quest for the Orb.
     0 | D:1      | Reached XP level 1. HP: 22/22 MP: 0/0
   171 | D:1      | Reached XP level 2. HP: 28/29 MP: 1/1
   706 | D:2      | Reached XP level 3. HP: 36/36 MP: 2/2
  1029 | D:2      | Reached XP level 4. HP: 42/44 MP: 3/3
  1134 | D:3      | Reached skill level 5 in Unarmed Combat
  1322 | D:3      | Reached XP level 5. HP: 14/50 MP: 4/4
  2046 | D:3      | Reached XP level 6. HP: 58/59 MP: 5/5
  2107 | D:4      | Noticed Robin
  2125 | D:4      | Killed Robin
  2172 | D:4      | Found a glowing drain.
  2185 | Sewer    | Entered a sewer
  3077 | D:4      | Found a snail-covered altar of Cheibriados.
  3095 | D:4      | Found a burning altar of Makhleb.
  3143 | D:4      | Became a worshipper of Cheibriados the Contemplative
  3143 | D:4      | Reached * piety under Cheibriados
  3143 | D:4      | Reached ** piety under Cheibriados
  3387 | D:4      | Reached XP level 7. HP: 66/66 MP: 6/6
  3504 | D:5      | Entered Level 5 of the Dungeon
  3531 | D:5      | Found a shattered altar of Ashenzari.
  3713 | D:5      | Found Owiachaj's Magic Scroll Shop.
  3718 | D:5      | Bought a scroll of fog for 22 gold pieces
  4201 | D:5      | Reached skill level 5 in Dodging
  4331 | D:6      | Found Ecel Lyu's Weapon Shoppe.
  4336 | D:6      | Reached XP level 8. HP: 70/74 MP: 7/7
  4400 | D:6      | Reached *** piety under Cheibriados
  4807 | D:6      | Noticed a moth of wrath
  4812 | D:6      | Found a bloodstained altar of Trog.
  5479 | D:7      | Noticed a hippogriff
  5486 | D:7      | Killed a hippogriff
  5623 | D:7      | Found a staircase to the Ecumenical Temple.
  5762 | D:7      | Reached **** piety under Cheibriados
  6067 | D:7      | Reached XP level 9. HP: 79/80 MP: 8/8
  6260 | D:8      | Found Iqeok's Food Shoppe.
  6263 | D:8      | Bought a royal jelly for 22 gold pieces
  6321 | D:8      | Found a staircase to the Lair.
  6612 | D:8      | Reached skill level 1 in Throwing
  6750 | D:8      | Found a white marble altar of Elyvilon.
  6878 | D:8      | Reached ***** piety under Cheibriados
  6994 | Lair:1   | Entered Level 1 of the Lair of Beasts
  6994 | Lair:1   | Noticed a rime drake
  7003 | Lair:1   | Killed a rime drake
  7242 | Lair:1   | Reached skill level 1 in Invocations
  7274 | Lair:1   | Noticed a komodo dragon
  7332 | Lair:1   | Killed a komodo dragon
  7356 | Lair:1   | Noticed a komodo dragon
  7360 | Lair:1   | Killed a komodo dragon
  7360 | Lair:1   | Reached XP level 10. HP: 53/88 MP: 9/11
  7830 | D:6      | Bought 4 large rocks for 39 gold pieces
  7910 | Lair:1   | Reached skill level 5 in Invocations
  8385 | Lair:2   | Noticed a spiny frog
  8397 | Lair:2   | Killed a spiny frog
  8860 | Lair:2   | Found a staircase to the Snake Pit.
  8901 | Lair:2   | Noticed a spiny frog
  8910 | Lair:2   | Killed a spiny frog
  9076 | Lair:1   | Reached XP level 11. HP: 38/94 MP: 15/15
  9217 | Lair:2   | Reached skill level 10 in Unarmed Combat
  9508 | Lair:2   | Noticed Fannar
  9529 | Lair:2   | Killed Fannar
  9684 | Lair:2   | Reached skill level 10 in Dodging
 10164 | Lair:3   | Reached skill level 1 in Evocations
 10570 | Lair:3   | Reached ****** piety under Cheibriados
 10579 | Lair:3   | Noticed Gastronok
 10597 | Lair:3   | Killed Gastronok
 10597 | Lair:3   | Reached skill level 5 in Evocations
 10987 | Lair:4   | Noticed a five-headed hydra
 10990 | Lair:4   | Killed a five-headed hydra
 11040 | Lair:4   | Reached XP level 12. HP: 97/104 MP: 16/16
 11156 | Lair:4   | Found a staircase to the Swamp.
 11176 | Lair:4   | Noticed Snorg
 11361 | Lair:4   | Noticed Nessos
 11367 | Lair:4   | HP: 3/104 [Nessos/arrow (4)]
 11370 | Lair:4   | Shot with an arrow by Nessos

Vault maps used:
D:1:      mrwooster_arrival_statue_2
D:3:      first_bread
D:4:      lemuel_coloured_pillars_altar, cheibriados_altar_1,
          portal_sewer_entry_d, supply_closet_lemuel, minmay_misc_feat_columns,
          uniq_robin
D:5:      serial_shops, kennysheep_little_box, basic_altar
D:6:      serial_shops, shop, wad_woods_river_04, tgw_trog
D:7:      minmay_temple_entry_mist
D:8:      elyvilon_altar_5, david_lair_generic, serial_shops,
          kennysheep_mini_moat, blue_anna_alchemist
Lair:1:   st_stairs_5, hangedman_lair_unloving_vines,
          nicolae_lair_grove_arrangements
Lair:2:   minmay_snake_entry_guardpost_small, patterned_corridor, uniq_fannar
Lair:3:   lemuel_fruit_fields, infiniplex_staircase_pool_2, uniq_gastronok
Lair:4:   minmay_swamp_entry_swarm, st_stairs_5, gammafunk_lair_bear_cave,
          uniq_nessos, uniq_urug, uniq_snorg
Sewer:    sewer_co_scattered_pipes

Skill      XL: |  1  2  3  4  5  6  7  8  9 10 11 12 |
---------------+-------------------------------------+-----
Unarmed Combat | 4 5 6 8 9 10 | 10.6
Dodging        | 5 8 9 10 | 10.0
Throwing       | 4 |  4.3
Invocations    | 3 7 |  7.0
Evocations     | 6 8 |  8.0
Fighting       | |  2.4
Stealth        | |  1.0

Action                   |  1- 3 |  4- 6 |  7- 9 | 10-12 || total
-------------------------+-------+-------+-------+-------++-------
Melee: Unarmed           |    97 |   232 |   304 |   342 ||   975
       Punch             |     3 |    10 |    24 |    26 ||    63
Throw: Large rock        |       |       |       |     8 ||     8
Invok: Slouch            |       |       |       |     1 ||     1
  Use: Scroll            |       |     8 |     2 |    10 ||    20
       Potion            |       |       |       |    12 ||    12
 Stab: Sleeping          |       |     5 |     3 |     5 ||    13
       Distracted        |       |       |     1 |       ||     1
  Eat: Chunk             |    15 |    23 |    25 |    26 ||    89
Armor: Robe              |    44 |    68 |    55 |    46 ||   213
       Skin              |       |       |       |    85 ||    85
Dodge: Dodged            |    48 |   112 |   184 |   298 ||   642
